 Dungeon Crawl Stone Soup version 0.29.0-5-ge4962eb29e (webtiles) character file.

Game seed: 8523097983737580192

132 ProzacElf the Magician (level 5, -3/37 HPs)
             Began as a Gnoll Hedge Wizard on Aug 29, 2022.
             Was an Initiate of Ashenzari.
             Slain by an orc warrior
             ... wielding a +0 battleaxe
              (16 damage)
             ... on level 4 of the Dungeon.
             The game lasted 00:11:54 (4301 turns).

ProzacElf the Magician (Gnoll Hedge Wizard)         Turns: 4301, Time: 00:11:55

Health: -3/37      AC:  3    Str: 11    XL:     5   Next: 15%
Magic:  3/14       EV: 13    Int: 13    God:    Ashenzari [......]
Gold:   276        SH:  0    Dex: 12    Spells: 8/18 levels left

rFire   . . .      SeeInvis .   b - +0 trident
rCold   . . .      Faith    .   (no shield)
rNeg    . . .      Spirit   .   t - +0 leather armour
rPois   +          Reflect  .   c - +0 hat
rElec   .          Harm     .   (no cloak)
rCorr   .          Rampage  .   (no gloves)
Will    .....                   (no boots)
Stlth   ++........              (no amulet)
HPRegen 0.12/turn               p - ring of Supernal Knowledge {rPois, Alch, Cun} (curse)
MPRegen 0.14/turn               (no ring)

@: no status effects
A: fangs 1, strong nose, distributed training
a: Renounce Religion, Shatter the Chains


You were on level 4 of the Dungeon.
You worshipped Ashenzari.
Ashenzari was noncommittal.
You visited 1 branch of the dungeon, and saw 4 of its levels.

You collected 276 gold pieces.

Inventory:

Hand Weapons
 a - a +0 dagger
 b - a +0 trident (weapon)
 k - a +0 sling
 m - a +0 rapier
 r - a +0 long sword
 u - a +0 sling
 v - a +0 flail of holy wrath
Missiles
 l - 9 poisoned darts (quivered)
Armour
 c - a +0 hat (worn)
 i - a +0 robe
 t - a +0 leather armour (worn)
Jewellery
 p - the cursed ring of Supernal Knowledge (left hand) {rPois, Alch, Cun}
   (You found it on level 2 of the Dungeon)

   [ring of poison resistance]

   rPois:     It protects you from poison.
   It has a curse which improves the following skills: Alchemy: Poison Magic and
   Transmutations.
   Cunning:   Dodging and Stealth.
Scrolls
 e - 3 scrolls of teleportation {unknown}
 g - a scroll of fear {unknown}
 h - 3 scrolls of amnesia {unknown}
 n - a scroll of brand weapon {unknown}
 o - a scroll of vulnerability {unknown}
 q - 5 scrolls of identify {unknown}
 w - a scroll of poison {unknown}
Potions
 d - 2 potions of magic
 f - 2 potions of heal wounds {unknown}
 j - a potion of cancellation {unknown}
 s - a potion of curing {unknown}


   Skills:
 + Level 1.4 Fighting
 + Level 1.4 Short Blades
 + Level 1.4 Long Blades
 + Level 1.4 Axes
 + Level 1.4 Maces & Flails
 + Level 1.4 Polearms
 + Level 1.4 Staves
 + Level 1.4 Ranged Weapons
 + Level 1.4 Throwing
 + Level 1.4 Armour
 + Level 4.7(5.2) Dodging
 + Level 4.4(4.8) Stealth
 + Level 1.4 Shields
 + Level 1.4 Unarmed Combat
 + Level 7.3 Spellcasting
 + Level 2.3 Conjurations
 + Level 1.1 Hexes
 + Level 2.3 Summonings
 + Level 1.1 Necromancy
 + Level 2.3 Translocations
 + Level 1.1(1.4) Transmutations
 + Level 1.1 Fire Magic
 + Level 1.1 Ice Magic
 + Level 1.1 Air Magic
 + Level 1.1 Earth Magic
 + Level 1.1(1.4) Poison Magic
 + Level 1.6 Invocations
 + Level 1.4 Evocations


You had 8 spell levels left.
You knew the following spells:

 Your Spells              Type           Power      Damage    Failure   Level
a - Magic Dart            Conj           40%        1d5       8%          1
b - Call Imp              Summ           10%        N/A       11%         2
c - Ensorcelled Hibernat  Hex/Ice        14%        N/A       19%         2
o - Blink                 Tloc           20%        N/A       11%         2
p - Passwall              Tmut/Erth      6%         N/A       17%         2
v - Slow                  Hex            28%        N/A       12%         1

Your spell library contained the following spells:

 Spells                   Type           Power      Damage    Failure   Level
 Conjure Flame            Conj/Fire      9%         6-21      28%         3
 Mephitic Cloud           Conj/Pois/Air  9%         N/A       30%         3
 Swiftness                Air            7%         N/A       36%         3


Dungeon Overview and Level Annotations

Branches:
Dungeon (4/15)
 Temple: D:4-7

Altars:
Ashenzari
Qazlal
Uskayaw
Xom

Annotations:
D:4 1 transporter, Sobieck's ghost, amateur VSFi


Innate Abilities, Weirdness & Mutations

You have very sharp teeth.
Your uncanny sense of smell can sniff out nearby items.
Your experience applies equally to all skills.


Message History

Yer white imp freezes tha orc.
Tha orc dies!
What be yer orders? t - Bark!
Orders fer allies: a - Attack new target. r - Retreat! s - Stop attackin'. g - Guard tha area. f - Follow me.
Anythin' else - Cancel.
Gang up on whom?
Press: ? - help, Dir - move target, f - orc warrior
Aim: an orc warrior, wieldin' a +0 battleaxe an' wearin' a +0 plate armour Attack!
Yer white imp gestures at tha orc warrior.
Tha puff o' frost hits tha orc warrior.
Yer white imp gestures at tha orc warrior.
Tha puff o' frost hits tha orc warrior but does nay damage.
Reach: b) +0 trident
Press: ? - help, Dir - move target, f/p - orc warrior
Aim: an orc warrior, wieldin' a +0 battleaxe an' wearin' a +0 plate armour (lightly wounded, na watchin' ye, 'lly target, aboot 46% ta evade yer +0 trident) Ye reach ta attack!
Ye hit tha orc warrior.
Tha orc warrior be lightly wounded.
Tha orc warrior misses yer white imp.
Yer white imp barely misses tha orc warrior.
Tha orc warrior hits yer white imp wit' a +0 battleaxe!
Yer white imp dies!
Yer white imp disappears in a puff o' smoke!
Ye barely miss tha orc.
Tha orc hits ye but does nay damage.
Ye hit tha orc but do nay damage.
Ye bite tha orc, but do nay damage.
Tha orc closely misses ye.
Tha orc warrior closely misses ye.
Ye hit tha orc.
Ye bite tha orc, but do nay damage.
Tha orc be heavily wounded.
Tha orc closely misses ye.
Tha orc warrior barely misses ye.
Ye hit tha orc.
Tha orc be almost dead.
Tha orc hits ye but does nay damage.
Tha orc warrior hits ye wit' a +0 battleaxe!!
Ouch! Tha re'lly hurt!
Tha orc misses ye.
Tha orc warrior hits ye wit' a +0 battleaxe!
Ye die...

#.# ..~~§ #.# .5.§§§
#.#### ..~~§.
#.##.###..≈.§§
..#########.#...#.....~.
.................).....o
..######.........###...
#.##o##.#o# #.##@####o#
..#####.##o## #o#
........##oo###.# #.
#©####......o.#o# ...
#####..#.#.# ..# .
...#......##### ..# ..
.#...##.........## ..#..
..#......#...........
..#.
..©..##.W#.........##


You could see an orc warrior and 4 orcs.

Vanquished Creatures
  5 adders
  3 worms (D:2)
  2 dart slugs
  3 orcs
  4 endoplasms
  3 giant cockroaches (D:1)
  5 goblins
  7 hobgoblins
  6 jackals
  5 kobolds
  2 quokkas
  8 ball pythons
  2 bats
  8 frilled lizards
  4 rats
67 creatures vanquished.

Vanquished Creatures (collateral kills)
  An orc (D:4)
1 creature vanquished.

Grand Total: 68 creatures vanquished

Notes
Turn   | Place    | Note
-------+----------+-------------------------------------------
     0 | D:1      | ProzacElf the Gnoll Hedge Wizard began the quest for the
                  | Orb.
     0 | D:1      | Reached XP level 1. HP: 13/13 MP: 8/8
   249 | D:1      | Reached XP level 2. HP: 19/19 MP: 3/10
   256 | D:1      | Learned a level 2 spell: Blink
   259 | D:1      | Learned a level 2 spell: Call Imp
   261 | D:1      | Learned a level 1 spell: Slow
   264 | D:1      | Learned a level 2 spell: Ensorcelled Hibernation
   267 | D:1      | Learned a level 2 spell: Passwall
  1213 | D:2      | Reached XP level 3. HP: 25/25 MP: 9/11
  1406 | D:2      | Reached skill level 1 in Invocations
  1551 | D:2      | Reached skill level 1 in Fighting
  1551 | D:2      | Reached skill level 1 in Short Blades
  1551 | D:2      | Reached skill level 1 in Long Blades
  1551 | D:2      | Reached skill level 1 in Axes
  1551 | D:2      | Reached skill level 1 in Maces & Flails
  1551 | D:2      | Reached skill level 1 in Polearms
  1551 | D:2      | Reached skill level 1 in Staves
  1551 | D:2      | Reached skill level 1 in Ranged Weapons
  1551 | D:2      | Reached skill level 1 in Throwing
  1551 | D:2      | Reached skill level 1 in Armour
  1551 | D:2      | Reached skill level 1 in Shields
  1551 | D:2      | Reached skill level 1 in Unarmed Combat
  1551 | D:2      | Reached skill level 1 in Evocations
  1949 | D:2      | Reached XP level 4. HP: 29/32 MP: 0/13
  2893 | D:3      | Found a broken altar of Ashenzari.
  2940 | D:3      | Became a worshipper of Ashenzari the Shackled
  2961 | D:3      | Reached skill level 1 in Hexes
  2961 | D:3      | Reached skill level 1 in Necromancy
  2961 | D:3      | Reached skill level 1 in Transmutations
  2961 | D:3      | Reached skill level 1 in Fire Magic
  2961 | D:3      | Reached skill level 1 in Ice Magic
  2961 | D:3      | Reached skill level 1 in Air Magic
  2961 | D:3      | Reached skill level 1 in Earth Magic
  2961 | D:3      | Reached skill level 1 in Poison Magic
  3179 | D:3      | Found a shimmering altar of Xom.
  3291 | D:3      | Found a faded altar of an unknown god.
  3826 | D:3      | Reached XP level 5. HP: 36/37 MP: 8/14
  4054 | D:4      | Found a hide-covered altar of Uskayaw.
  4168 | D:4      | Found a transporter.
  4172 | D:4      | Noticed Sobieck's ghost (amateur VSFi)
  4268 | D:4      | Found a stormy altar of Qazlal.
  4278 | D:4      | Noticed an orc warrior
  4301 | D:4      | Slain by an orc warrior

Illustrated notes

Levels and vault maps discovered:
D:1:      minmay_arrival_semitransparent, layout_loops_ring
D:2:      layout_basic
D:3:      layout_loops_corners, overflow_temple_1_default,
          mainiacjoe_overflow_surrounded_room, chequers_ecumenical_altar_island,
          mrwooster_statue_mirror
D:4:      layout_loops_corners, kennysheep_little_box,
          nicolae_qazlal_scattered_showers, gammafunk_ghost_stat_death,
          grunt_decor_junction, corexii_checkpoint_b, serial_park_tiny_1

Skill      XL: |  1  2  3  4 |
---------------+-------------+-----
Conjurations   | 2 |  2.3
Summonings     | 2 |  2.3
Translocations | 2 |  2.3
Invocations    | 1 |  1.6
Fighting       | 1 |  1.4
Short Blades   | 1 |  1.4
Long Blades    | 1 |  1.4
Axes           | 1 |  1.4
Maces & Flails | 1 |  1.4
Polearms       | 1 |  1.4
Staves         | 1 |  1.4
Ranged Weapons | 1 |  1.4
Throwing       | 1 |  1.4
Armour         | 1 |  1.4
Shields        | 1 |  1.4
Unarmed Combat | 1 |  1.4
Evocations     | 1 |  1.4
Hexes          | 1 |  1.1
Necromancy     | 1 |  1.1
Transmutations | 1 |  1.1
Fire Magic     | 1 |  1.1
Ice Magic      | 1 |  1.1
Air Magic      | 1 |  1.1
Earth Magic    | 1 |  1.1
Poison Magic   | 1 |  1.1
Dodging        | |  4.7
Stealth        | |  4.4
Spellcasting   | |  7.3

Action                   |  1- 3 |  4- 6 || total
-------------------------+-------+-------++-------
Melee: Dagger            |    43 |       ||    43
       Bite              |     3 |     5 ||     8
       Long sword        |     5 |    10 ||    15
       Trident           |       |    25 ||    25
 Cast: Magic Dart        |    94 |    71 ||   165
       Call Imp          |       |     9 ||     9
Invok: Curse Item        |       |     1 ||     1
 Stab: Sleeping          |     1 |     1 ||     2
Armor: Robe              |    16 |     2 ||    18
       Leather armour    |       |     5 ||     5
Dodge: Dodged            |    60 |    33 ||    93
